 Dungeon Crawl Stone Soup version 0.31.0-11-ge490571c62 (webtiles) character file.

Game seed: 8732550871482975645

121 qw the Ducker (level 4, -7/22 HPs)
             Began as a Spriggan Hunter on Feb 3, 2024.
             Mangled by Natasha (8 damage)
             ... on level 3 of the Dungeon.
             The game lasted 00:00:07 (1859 turns).

qw the Ducker (Spriggan Hunter)                     Turns: 1859, Time: 00:00:07

Health: -7/22      AC:  2    Str:  7    XL:     4   Next: 77%
Magic:  5/5        EV: 20    Int: 10    God:
Gold:   174        SH:  0    Dex: 20    Spells: 3/3 levels left

rFire   . . .        a - +0 shortbow
rCold   . . .        (shield currently unavailable)
rNeg    . . .        c - +0 robe
rPois   +            (helmet restricted)
rElec   .            (no cloak)
rCorr   .            (gloves unavailable)
SInv    +            (boots unavailable)
Will    .....        (no amulet)
Stlth   ++           d - ring of poison resistance
HPRegen 0.23/turn    b - +4 ring of slaying {mikee}
MPRegen 0.09/turn

%: no passive effects
@: very quick
A: very small, no large weapons, unfitting armour, see invisible, speed 3
a: no special abilities


You were on level 3 of the Dungeon.
You visited 1 branch of the dungeon, and saw 3 of its levels.

You collected 174 gold pieces.


Innate Abilities, Weirdness & Mutations

You are very small and have problems with some larger weapons.
You are too small for most types of armour.
You have supernaturally acute eyesight. (SInv)
You cover ground extremely quickly. (Speed+++)


   Skills:
 + Level 1.5 Fighting
 - Level 5.0 Ranged Weapons
 - Level 5.4 Dodging
 - Level 1.5 Stealth


You had 3 spell levels left.
You didn't know any spells.
Your spell library was empty.

Inventory:

Hand Weapons
 a - a +0 shortbow (weapon)
Armour
 c - a +0 robe (worn)
Jewellery
 b - a +4 ring of slaying (right hand) {mikee}
 d - a ring of poison resistance (left hand)
Wands
 i - a wand of polymorph (11)
Scrolls
 e - 3 scrolls of identify
 f - a scroll of immolation {unknown}
 k - a scroll of blinking {unknown}
 l - a scroll of enchant armour {unknown}
Potions
 g - a potion of degeneration {unknown}
 h - a potion of heal wounds {unknown}
 j - a potion of attraction {unknown}

Dungeon Overview and Level Annotations

Branches:
Dungeon (3/15)

Altars:
Fedhas
Uskayaw

Annotations:
D:3 Natasha


Message History

You shoot an arrow.
The arrow closely misses the cerulean imp.
The cerulean imp misses you.
You shoot an arrow. The arrow hits the cerulean imp.
The cerulean imp is heavily wounded.
Natasha casts a spell.
The cerulean imp misses you.
You shoot an arrow.
The arrow barely misses the cerulean imp.
The cerulean imp misses you.
Enter note:
Enter note:
Enter note: You shoot an arrow.
The arrow hits the cerulean imp.
The cerulean imp is almost dead.
The cerulean imp closely misses you. x2
You shoot an arrow.
The arrow hits the cerulean imp but does no damage.
The cerulean imp is almost dead.
The cerulean imp closely misses you. The cerulean imp misses you.
You shoot an arrow. The arrow hits the cerulean imp.
You kill the cerulean imp!
The cerulean imp disappears in a puff of smoke!
The cerulean imp hits you from afar with a +2 spear.
The cerulean imp closely misses you.
You shoot an arrow. The arrow hits the cerulean imp.
The cerulean imp is lightly wounded.
Natasha casts a spell.
The cerulean imp closely misses you.
You shoot an arrow. The arrow hits the cerulean imp!
The cerulean imp is severely wounded.
The cerulean imp barely misses you. Natasha casts a spell at you.
The magic dart hits you!
You shoot an arrow. The arrow hits Natasha.
Natasha is heavily wounded.
The cerulean imp hits you from afar with a +2 spear.
Natasha claws you!
You die...
Natasha curls up and begins to purr.

#......
#..#.##..# #.#
##h5.####.......#
#..
......#..#.###.#
###
......#........#
# #####....
####.##### #
......#.### #.# #
#...5.# #.# #
#.##h5# #.# #
#.#@#.# ##.## #
##.##..# #...## #
#......##.#.#.##
#.###.##.##.##.#
#.# #.#.....##.#
#.# #.#..#####.#
#.# #.#.#.###.##
#.# #.#.##...##
#.# #.#.######


You could see Natasha and 2 cerulean imps.

Vanquished Creatures
  Natasha (D:3)
  4 adders (D:2)
  A dart slug (D:2)
  6 ball pythons
  6 bats
  4 endoplasms
  3 giant cockroaches
  6 goblins
  7 hobgoblins
  4 kobolds
  6 quokkas
  7 rats
55 creatures vanquished.

Notes
Turn   | Place    | Note
-------+----------+-------------------------------------------
     0 | D:1      | qw the Spriggan Hunter began the quest for the Orb.
     0 | D:1      | Reached XP level 1. HP: 10/10 MP: 2/2
     0 | D:1      | 0 ||| qw: Version: 0.3-a-158-g18b3111
     0 | D:1      | 0 ||| qw: Game counter: 4060
     0 | D:1      | 0 ||| qw: Melee chars always use a shield: true
     0 | D:1      | 0 ||| qw: God list: Okawaru
     0 | D:1      | 0 ||| qw: Allow faded altars: false
     0 | D:1      | 0 ||| qw: Do Orc after clearing Dungeon:15 true
     0 | D:1      | 0 ||| qw: Do second Lair branch before Depths: true
     0 | D:1      | 0 ||| qw: Lair rune preference: random
     0 | D:1      | 0 ||| qw: Goals: Normal
     0 | D:1      | 0 ||| PLANNING D:1-11
    60 | D:1      | Reached skill level 3 in Dodging
   111 | D:1      | Reached XP level 2. HP: 14/14 MP: 3/3
   342 | D:1      | 342 ||| RETREEEEATING.
   664 | D:1      | 664 ||| UPGRADING to ring of poison resistance.
   665 | D:1      | 665 ||| DROPPING ring of wizardry.
   666 | D:1      | 666 ||| READING scroll labelled OFIRIX KARAO.
   667 | D:1      | 667 ||| READING scroll labelled KAHEPPE BEHUS.
   668 | D:1      | 668 ||| DROPPING scroll of butterflies.
   719 | D:2      | Reached XP level 3. HP: 18/18 MP: 4/4
   889 | D:2      | Found a faded altar of an unknown god.
  1005 | D:2      | Reached XP level 4. HP: 20/22 MP: 5/5
  1076 | D:2      | Found a blossoming altar of Fedhas.
  1320 | D:2      | 1320 ||| UPGRADING to +4 ring of slaying {mikee}.
  1321 | D:2      | 1321 ||| READING scroll labelled XEIVAU SONO.
  1322 | D:2      | 1322 ||| READING 2 scrolls labelled KISHASH POXE.
  1323 | D:2      | 1323 ||| READING scroll labelled FOUX HAIXTOUN.
  1323 | D:2      | 1323 ||| IDENTIFYING brown potion
  1324 | D:2      | 1324 ||| DROPPING potion of berserk rage.
  1325 | D:2      | 1325 ||| DROPPING scroll of fog.
  1591 | D:3      | Found a hide-covered altar of Uskayaw.
  1742 | D:3      | Noticed Natasha
  1744 | D:3      | 1744 ||| FLEEEEING.
  1745 | D:3      | 1745 ||| FLEEEEING.
  1746 | D:3      | 1746 ||| FLEEEEING.
  1747 | D:3      | 1747 ||| FLEEEEING.
  1749 | D:3      | 1749 ||| FLEEEEING.
  1751 | D:3      | 1751 ||| FLEEEEING.
  1752 | D:3      | 1752 ||| FLEEEEING.
  1753 | D:3      | 1753 ||| FLEEEEING.
  1754 | D:3      | 1754 ||| FLEEEEING.
  1758 | D:3      | 1758 ||| FLEEEEING.
  1759 | D:3      | 1759 ||| FLEEEEING.
  1765 | D:3      | Killed Natasha
  1839 | D:3      | Noticed Natasha
  1843 | D:3      | 1843 ||| FLEEEEING.
  1844 | D:3      | 1844 ||| FLEEEEING.
  1858 | D:3      | HP: 5/22 [Natasha/magic dart (10)]
  1859 | D:3      | HP: 1/22 [cerulean imp/+2 spear[Natasha] (5)]
  1859 | D:3      | Mangled by Natasha

Levels and vault maps discovered:
D:1:      giann_wishing_wells, layout_loops_ring, st_stairs_1
D:2:      layout_basic, basic_ecumenical_altar, basic_altar
D:3:      layout_loops_ring, hangedman_ru_absence,
          mainiacjoe_overflow_six_doors_small, uniq_natasha

Skill      XL: |  1  2  3  4 |
---------------+-------------+-----
Dodging        | 3 4 5 |  5.4
Ranged Weapons | 5 |  5.0
Fighting       | |  1.5
Stealth        | |  1.5

Action                     |  1- 3 |  4- 6 || total
---------------------------+-------+-------++-------
   Fire: Shortbow          |   102 |    48 ||   150
    Use: Scroll            |     2 |     3 ||     5
 Armour: Robe              |     9 |     7 ||    16
  Dodge: Dodged            |    38 |    14 ||    52

Table legend:
 A = Non-vault XP
 B = Vault XP
 C = Vault XP percentage of total XP
 D = Non-vault monster count
 E = Vault monster count
 F = Vault count percentage of total count
                 A         B        C        D         E       F
            +---------+---------+-------+---------+---------+-------
      Total |     134 |      40 |  23.0 |      51 |       4 |   7.3
            +---------+---------+-------+---------+---------+-------
        D:1 |      32 |       5 |  13.5 |      19 |       3 |  13.6
        D:2 |      97 |       0 |   0.0 |      29 |       0 |   0.0
        D:3 |       5 |      35 |  87.5 |       3 |       1 |  25.0
            +---------+---------+-------+---------+---------+-------
